 Dungeon Crawl Stone Soup version 0.27.1-33-g824d729ab1 (webtiles) character file.

Game seed: 6469180484896619691

57 ANNNA the Magician (level 3, -3/20 HPs)
             Began as a Deep Elf Earth Elementalist on Nov 25, 2021.
             Slain by a white imp (4 damage)
             ... summoned by Natasha
             ... on level 2 of the Dungeon.
             The game lasted 00:06:25 (2265 turns).

ANNNA the Magician (Deep Elf Earth Elementalist)    Turns: 2265, Time: 00:06:26

Health: -3/20      AC:  3    Str:  6    XL:     3   Next: 73%
Magic:  10/10      EV: 13    Int: 19    God:
Gold:   74         SH:  0    Dex: 15    Spells: 4/10 levels left

rFire    . . .     SeeInvis .   a - +0 dagger
rCold    . . .     Faith    .   (no shield)
rNeg     . . .     Spirit   .   b - +0 robe
rPois    .         Reflect  .   (no helmet)
rElec    .         Harm     .   i - +0 cloak
rCorr    .         Rampage  .   (no gloves)
Will     .....                  (no boots)
Stlth    ++........             (no amulet)
HPRegen  0.06/turn              (no ring)
MPRegen  0.12/turn              (no ring)

@: no status effects
A: no striking features
a: no special abilities


You were on level 2 of the Dungeon.
You visited 1 branch of the dungeon, and saw 2 of its levels.

You collected 74 gold pieces.

Inventory:

Hand Weapons
 a - a +0 dagger (weapon)
Missiles
 c - 96 stones
 e - 17 poisoned darts
Armour
 b - a +0 robe (worn)
 i - a +0 cloak (worn)
Scrolls
 d - a scroll of enchant armour {unknown}
 f - a scroll of identify {unknown}
 h - a scroll of acquirement {unknown}
Potions
 g - a potion of magic {unknown}
 j - 2 potions of cancellation {unknown}
 k - 2 potions of mutation {unknown}
 l - a potion of might {unknown}
 m - a potion of invisibility {unknown}


   Skills:
 + Level 0.6 Fighting
 + Level 0.8 Throwing
 + Level 2.7 Dodging
 + Level 2.6 Stealth
 + Level 4.2 Spellcasting
 + Level 1.2 Transmutations
 + Level 3.8 Earth Magic


You had 4 spell levels left.
You knew the following spells:

 Your Spells              Type           Power      Damage    Failure   Level
a - Sandblast             Erth           36%        2d10      2%          1
b - Passwall              Tmut/Erth      10%        N/A       7%          2
c - Stone Arrow           Conj/Erth      22%        3d8       19%         3

Your spell library contained the following spells:

 Spells                   Type           Power      Damage    Failure   Level
 Petrify                  Tmut/Erth      13%        N/A       43%         4


Dungeon Overview and Level Annotations

Branches:
Dungeon (2/15)

Altars:

Annotations:
D:2 Natasha, Robin


Message History

e - 20 poisoned darts (gained 1)
You now have 74 gold pieces (gained 4).
Natasha, Servant of Life and Death comes into view.
Natasha hisses angrily.
You see here an orange potion.
m - an orange potion Throw: 20 darts (poison)
Press: ? - help, Shift-Dir - straight line, f - Natasha
Aim: Natasha (50% to hit)
You throw a poisoned dart. The poisoned dart hits Natasha.
Natasha is poisoned.
Natasha casts a spell.
Natasha mumbles some strange words.
Natasha wildly gestures.
Natasha shimmers violently.
(D) Dungeon
Where to? (Enter - D:1 @ (x,y), ? - help)
Okay, then.
Throw: 19 darts (poison)
Press: ? - help, Shift-Dir - straight line, f/p - Natasha
Aim: Natasha (poisoned, 50% to hit)
You throw a poisoned dart.
The poisoned dart barely misses Natasha.
Natasha mumbles some strange words.
Throw: 18 darts (poison)
Press: ? - help, Shift-Dir - straight line, f/p - Natasha
Aim: Natasha (poisoned, 50% to hit)
You throw a poisoned dart.
The poisoned dart barely misses Natasha.
The shadow imp hits you. The iron imp barely misses you.
The white imp misses you.
You miss Natasha. The shadow imp hits you. Natasha claws you.
The white imp barely misses you.
You barely miss Natasha.
Natasha is lightly wounded.
The iron imp barely misses you. The shadow imp hits you.
* * * LOW HITPOINT WARNING * * *
Natasha closely misses you. The white imp hits you.
* * * LOW HITPOINT WARNING * * *
The white imp freezes you.
You die...

.......# ..... .......#
######..... .......#
#.......... ...#####
#..........
...############..........
####.....................
.........................
.................5.......
................@5.[.....
.....######.....5h.......
###### ....###...........
#######.... #...........
.....##.... ......)...(..
.....##.......######.....
############## .(... #
... #


You could see an iron imp (summoned), Natasha (poisoned), a white imp (summoned)
and a shadow imp (summoned).

Vanquished Creatures
  An adder (D:2)
  A worm (D:2)
  3 dart slugs (D:2)
  5 ball pythons
  2 bats
  4 endoplasms
  A giant cockroach (D:2)
  10 goblins
  3 hobgoblins
  2 quokkas (D:2)
  A kobold (D:1)
33 creatures vanquished.

Notes
Turn   | Place    | Note
-------+----------+-------------------------------------------
     0 | D:1      | ANNNA the Deep Elf Earth Elementalist began the quest for
                  | the Orb.
     0 | D:1      | Reached XP level 1. HP: 10/10 MP: 6/6
   355 | D:1      | Found a faded altar of an unknown god.
   437 | D:1      | Reached XP level 2. HP: 15/16 MP: 8/8
   440 | D:1      | Learned a level 2 spell: Passwall
  1249 | D:2      | Noticed Robin
  1595 | D:2      | Reached skill level 4 in Spellcasting
  1595 | D:2      | Reached XP level 3. HP: 15/20 MP: 8/10
  1608 | D:2      | Learned a level 3 spell: Stone Arrow
  2255 | D:2      | Noticed Natasha
  2265 | D:2      | HP: 1/20 [white imp[Natasha] (4)]
  2265 | D:2      | Slain by a white imp

Illustrated notes

Levels and vault maps discovered:
D:1:      dpeg_arrival_tiny_a, layout_rooms,
          shapermc_ecumenical_altar_starsandcircs, serial_rivers,
          chequers_serial_rivers_micro_b, chequers_serial_rivers_micro_c,
          chequers_serial_rivers_large_b, chequers_serial_rivers_small_3,
          chequers_serial_rivers_small_a
D:2:      layout_basic, minivault_23, uniq_crazy_yiuf_cottage, uniq_natasha,
          uniq_robin

Skill      XL: |  1  2 |
---------------+-------+-----
Spellcasting   | 4 |  4.2
Fighting       | |  0.6
Throwing       | |  0.8
Dodging        | |  2.7
Stealth        | |  2.6
Transmutations | |  1.2
Earth Magic    | |  3.8

Action                   || total
-------------------------++-------
Melee: Dagger            ||   113
Throw: Dart              ||    31
 Cast: Sandblast         ||    19
 Stab: Sleeping          ||     1
Armor: Robe              ||    30
Dodge: Dodged            ||    68
